 Dungeon Crawl Stone Soup version 0.30.1-4-g462c640d31 (webtiles) character file.

Game seed: 9798549629478791397

882 Babbit the Chopper (level 7, -4/61 HPs)
             Began as a Minotaur Fighter on Aug 23, 2023.
             Slain by an orc warrior
             ... wielding a +0 glaive
              (17 damage)
             ... on level 6 of the Dungeon.
             The game lasted 00:14:25 (4338 turns).

Babbit the Chopper (Minotaur Fighter)               Turns: 4338, Time: 00:14:25

Health: -4/61      AC: 12    Str: 23    XL:     7   Next: 76%
Magic:  6/6        EV:  7    Int:  5    God:
Gold:   292        SH:  6    Dex:  9    Spells: 6/6 levels left

rFire   . . .        a - +0 war axe
rCold   . . .        c - +2 buckler
rNeg    . . .        D - +0 plate armour
rPois   +            (helmet restricted)
rElec   .            (no cloak)
rCorr   .            (no gloves)
SInv    .            (no boots)
Will    +....        s - amulet of magic regeneration Stlth
                     n - ring of willpower
HPRegen 0.30/turn    t - ring of poison resistance
MPRegen 0.50/turn

%: no passive effects
@: mighty
A: horns 2, retaliatory headbutt
a: no special abilities


You were on level 6 of the Dungeon.
You visited 1 branch of the dungeon, and saw 6 of its levels.

You collected 292 gold pieces.

Inventory:

Hand Weapons
 a - a +0 war axe (weapon)
 C - the +2 flail of the Pyrrhic Victory {heavy, *Noise Fly rF+ Will++}
   (You found it on level 5 of the Dungeon)

   rF:        It protects you from fire.
   Fly:       It grants you flight.
   *Noise:    It may make noises in combat.
   Will:      It greatly increases your willpower.
Missiles
 r - 7 atropa-tipped darts (quivered)
Armour
 c - a +2 buckler (worn)
 D - a +0 plate armour (worn)
Jewellery
 n - a ring of willpower (left hand)
 s - an amulet of magic regeneration (around neck)
 t - a ring of poison resistance (right hand)
 u - a ring of positive energy
Wands
 b - a wand of polymorph (11)
 B - a wand of roots (9)
Scrolls
 e - a scroll of acquirement {unknown}
 f - a scroll of magic mapping
 g - a scroll of torment {unknown}
 k - a scroll of enchant armour
 p - a scroll of vulnerability {unknown}
 q - 3 scrolls of teleportation
 v - 3 scrolls of identify {unknown}
 w - a scroll of silence {unknown}
 y - 2 scrolls of fear {unknown}
 z - a scroll of enchant weapon {unknown}
Potions
 d - a potion of might
 h - a potion of brilliance {unknown}
 i - 2 potions of heal wounds {unknown}
 j - 4 potions of curing
 l - a potion of flight {unknown}
 m - 2 potions of mutation {unknown}
 o - a potion of degeneration {unknown}
 x - a potion of berserk rage {unknown}
 A - a potion of invisibility {unknown}


   Skills:
 + Level 5.5 Fighting
 + Level 6.7 Axes
 + Level 2.2 Throwing
 + Level 5.9 Armour
 + Level 1.5 Dodging
 + Level 1.1 Stealth
 + Level 5.1 Shields


You had 6 spell levels left.
You didn't know any spells.
Your spell library contained the following spells:

 Spells                   Type           Power      Damage    Failure   Level
 Portal Projectile        Hex/Tloc       0%         N/A       100%        3
 Tukima's Dance           Hex            0%         N/A       100%        3
 Blade Hands              Tmut           0%         N/A       100%        5


Dungeon Overview and Level Annotations

Branches:
Dungeon (6/15)
 Temple: D:4-7

Altars:
Xom

Shops:
D:3 :


Innate Abilities, Weirdness & Mutations

You have a pair of horns on your head.
You reflexively headbutt those who attack you in melee.


Message History

The orc priest mumbles some strange prayers to Beogh against you.
Pain shoots through your body!
You slash the orc priest!
You kill the orc priest!
The orc warrior closely misses you. The orc hits you but does no damage.
You slash the orc!
You kill the orc!
The orc warrior barely misses you.
The orc warrior hits you with a +0 glaive!
Items here: ( ))) [.
You barely miss the orc warrior. Your headbutt misses the orc warrior.
The orc warrior barely misses you. You furiously retaliate!
You headbutt the orc warrior. You hit the orc warrior.
The orc warrior is lightly wounded.
The orc warrior hits you with a +0 glaive!
You hit the orc warrior.
The orc warrior is moderately wounded.
You block the orc warrior's attack.
The orc warrior hits you with a +0 glaive.
You barely miss the orc warrior. You headbutt the orc warrior.
The orc warrior is heavily wounded.
You block the orc warrior's attack.
You barely miss the orc warrior.
The orc warrior is heavily wounded.
The orc warrior hits you with a +0 glaive.
You barely miss the orc warrior. Your headbutt misses the orc warrior.
The orc warrior is heavily wounded.
You block the orc warrior's attack.
You barely miss the orc warrior.
The orc warrior is heavily wounded.
The orc warrior hits you but does no damage.
You hit the orc warrior.
The orc warrior is heavily wounded.
The orc warrior hits you but does no damage.
The orc warrior hits you with a +0 glaive!
* * * LOW HITPOINT WARNING * * *
You feel very mighty all of a sudden.
The orc warrior hits you with a +0 glaive!
You die...

#h###+###...#
#.......#...########
#.###.#.#...#......#
#.#.#...#.####.#
#.#.#...#.# #.#
#@#.#...#.# #.#
#o#.#...#.# #.#
#o#.'..>'.# #.###
#o###...### #....
#o# ##### ##### #o#
... ...


You could see an orc warrior and 4 orcs.

Vanquished Creatures
  Menkaure (D:5)
  A sky beast (D:5)
  An ogre (D:5)
  2 phantoms
  2 scorpions
  An orc priest (D:6)
  A gnoll bouda (D:5)
  Jessica (D:2)
  An iguana (D:5)
  An orc wizard (D:6)
  7 adders
  4 gnolls
  A shadow imp (D:5)
  2 white imps
  An ufetubus (D:5)
  A worm (D:2)
  4 dart slugs
  2 orcs
  2 bats
  6 endoplasms
  4 giant cockroaches
  7 goblins
  2 hobgoblins
  7 jackals
  7 ball pythons
  5 frilled lizards
  3 kobolds
  5 rats
82 creatures vanquished.

Notes
Turn   | Place    | Note
-------+----------+-------------------------------------------
     0 | D:1      | Babbit the Minotaur Fighter began the quest for the Orb.
     0 | D:1      | Reached XP level 1. HP: 19/19 MP: 0/0
    34 | D:1      | Reached XP level 2. HP: 22/27 MP: 1/1
  1052 | D:2      | Reached XP level 3. HP: 32/33 MP: 2/2
  1109 | D:2      | Reached skill level 3 in Axes
  1138 | D:2      | Noticed Jessica
  1143 | D:2      | Killed Jessica
  1190 | D:2      | Reached XP level 4. HP: 40/40 MP: 3/3
  1708 | D:3      | Identified the +0 robe "Mukhlynn" {Str+3}
  1799 | D:3      | Found Xityekla's Book Shoppe.
  1839 | D:3      | Reached skill level 4 in Axes
  2717 | D:4      | Reached XP level 5. HP: 46/46 MP: 4/4
  2981 | D:4      | Reached skill level 5 in Armour
  3191 | D:5      | Entered Level 5 of the Dungeon
  3395 | D:5      | Noticed a phantom
  3405 | D:5      | Killed a phantom
  3406 | D:5      | Reached skill level 5 in Axes
  3406 | D:5      | Reached skill level 1 in Throwing
  3406 | D:5      | Reached XP level 6. HP: 49/53 MP: 5/5
  3509 | D:5      | Noticed Menkaure
  3509 | D:5      | Noticed a sky beast
  3543 | D:5      | Killed Menkaure
  3544 | D:5      | Reached skill level 1 in Dodging
  3555 | D:5      | Reached skill level 5 in Fighting
  3555 | D:5      | Reached XP level 7. HP: 13/61 MP: 6/6
  3557 | D:5      | HP: 2/61 [something (5)]
  3560 | D:5      | Reached skill level 6 in Axes
  3817 | D:5      | Found a shimmering altar of Xom.
  3904 | D:5      | Identified the +2 flail of the Pyrrhic Victory {heavy,
                  | *Noise Fly rF+ Will++}
  4039 | D:5      | Reached skill level 5 in Shields
  4313 | D:6      | Reached skill level 1 in Stealth
  4338 | D:6      | Slain by an orc warrior

Illustrated notes

Levels and vault maps discovered:
D:1:      wander_arrival_estate, layout_basic, chequers_serial_rivers_room_a,
          lemuel_flame_loot_1
D:2:      layout_loops_ring, bh_walls_and_bars, uniq_jessica
D:3:      layout_loops_corners, serial_shops, shop
D:4:      layout_cave_pods
D:5:      minmay_recursive_quarters, layout_rooms, xom_teletrap_fun,
          uniq_menkaure
D:6:      layout_basic

Skill      XL: |  1  2  3  4  5  6  7 |
---------------+----------------------+-----
Armour         | 4 5 |  5.9
Fighting       | 4 5 |  5.5
Shields        | 4 5 |  5.1
Axes           | 3 4 5 6 |  6.7
Throwing       | 1 2 |  2.2
Dodging        | 1 |  1.5
Stealth        | 1 |  1.1

Action                     |  1- 3 |  4- 6 |  7- 9 || total
---------------------------+-------+-------+-------++-------
  Melee: War axe           |    51 |   120 |    60 ||   231
         Headbutt          |     5 |    16 |     8 ||    29
  Throw: Dart              |       |    24 |    11 ||    35
    Use: Scroll            |       |     4 |       ||     4
         Potion            |       |       |     2 ||     2
   Stab: Invisible         |       |       |     2 ||     2
 Armour: Scale mail        |    22 |    50 |     7 ||    79
         Plate armour      |       |       |    10 ||    10
  Dodge: Dodged            |    16 |    62 |    21 ||    99
  Block: Buckler           |    11 |    31 |    16 ||    58
